 Dungeon Sprint DCSS version 0.18.1-48-g4cf74bf (webtiles) character file.

3000000 Joat the Conqueror (level 24, -16/249 HPs)
             Began as a Minotaur Berserker on Sept 7, 2016.
             Engulfed by a cloud of flame (26 damage)
             ... in the Dungeon (Sprint VIII: "Arena of Blood").
             The game lasted 00:01:53 (30 turns).

Joat the Conqueror (Minotaur Berserker)               Turns: 30, Time: 00:01:54

Health: -16/249    AC:  4    Str: 30    XL:     24   Next: 65%
Magic:  18/53      EV: 30    Int:  4    God:
Gold:   0          SH:  0    Dex: 14    Spells: 0 memorised, 77 levels left

rFire  . . .     SeeInvis .     j - +∞ Axe of Woe
rCold  . . .     Gourm    .     b - +0 animal skin
rNeg   . . .     Faith    .     (shield currently unavailable)
rPois  .         Spirit   .     (helmet restricted)
rElec  .         Dismiss  .     (no cloak)
rCorr  .         Reflect  .     (no gloves)
SustAt .         Harm     .     (no boots)
MR     +....     NoTele   +     (no amulet)
Stlth  ++++++++..               (no ring)
                                (no ring)

@: exhausted, slowed, very slow, somewhat resistant to hostile enchantments,
extraordinarily stealthy
A: retaliatory headbutt, horns 2
a: no special abilities


You were in the Dungeon.
You were not hungry.

You visited 1 branch

Inventory:

Hand Weapons
 a - a +0 hand axe
 j - the +∞ Axe of Woe (weapon)
   (You found it in the Dungeon)
Armour
 b - a +0 animal skin (worn)
Scrolls
 i - a scroll of blinking
Potions
 d - a potion of curing
 e - a potion of heal wounds
 f - a potion of haste
 g - 2 potions of magic
 h - a potion of berserk rage
Comestibles
 c - a bread ration


   Skills:
 O Level 27 Fighting
 O Level 27 Axes
 O Level 27 Throwing
 O Level 27 Armour
 O Level 27 Dodging
 O Level 27 Stealth
 O Level 27 Unarmed Combat
 O Level 27 Spellcasting


You had 77 spell levels left.
You didn't know any spells.

Dungeon Overview and Level Annotations

Branches:
Dungeon (1/1)

Altars:
Makhleb


Innate Abilities, Weirdness & Mutations

You reflexively headbutt those who attack you in melee.
You have a pair of horns on your head.


Message History

The fiery explosion engulfs the bag of meat.
The fiery explosion engulfs the large bag of meat.
The fiery explosion engulfs the meat berserker.
You open the bag of meat like a pillowcase!!!
You slaughter the bag of meat joyfully.
You kill the bag of meat!
You hit the large bag of meat but do no damage.
You slaughter the large bag of meat joyfully.
The large bag of meat explodes!
The fiery explosion engulfs the bag of meat.
The fiery explosion engulfs the meat berserker.
The fiery explosion engulfs you!
* * * LOW HITPOINT WARNING * * *
The fiery explosion engulfs the destroyer.
The fiery explosion engulfs the bag of meat.
You slice the meat berserker!!
You dissect the meat berserker like a pig carcass.
You kill the meat berserker!
You are engulfed in roaring flames.
You die...

....... ..
.####.....##.##.
#...............
#.o.......§#%#..
#..o............ .
#.....%........
o..#..§§§§§......
......§§§§§......
...Oo.o§@§§......
....oVo#§§.....#
.#.....#§§.....#
.....###.......###.
V.........###......
..#........_......
#V......#.....#...
.......#_.<._#
......#.....#


You could see a destroyer, a meat berserker (berserk) and 6 bags of meat.

Vanquished Creatures
  12 ogres (D)
  32 orcs (D)
  3 hill giants (D)
47 creatures vanquished.

Notes
Turn   | Place    | Note
--------------------------------------------------------------
     0 | D        | Joat the Minotaur Berserker began the quest for the Orb.
     0 | D        | Reached XP level 1. HP: 19/19 MP: 0/0
     4 | D        | Noticed a bag of meat
     4 | D        | Noticed a bag of meat
     5 | D        | Noticed a bag of meat
     5 | D        | Noticed a meat berserker
     6 | D        | Noticed a meat berserker
     6 | D        | Noticed a meat berserker
     7 | D        | Noticed a bag of meat
     7 | D        | Noticed a meat berserker
     7 | D        | Noticed a bag of meat
     7 | D        | Noticed a bag of meat
     7 | D        | Noticed a bag of meat
     7 | D        | Noticed a bag of meat
     8 | D        | Noticed a bag of meat
     8 | D        | Killed a meat berserker
     8 | D        | Reached XP level 2. HP: 62/62 MP: 1/1
     8 | D        | Reached XP level 3. HP: 70/70 MP: 2/2
     8 | D        | Reached XP level 4. HP: 78/78 MP: 3/3
     8 | D        | Reached XP level 5. HP: 85/85 MP: 4/4
     8 | D        | Reached XP level 6. HP: 94/94 MP: 5/5
     8 | D        | Reached XP level 7. HP: 101/101 MP: 6/6
     8 | D        | Reached XP level 8. HP: 110/110 MP: 7/7
     8 | D        | Reached XP level 9. HP: 117/117 MP: 8/8
     8 | D        | Reached XP level 10. HP: 125/125 MP: 9/9
     8 | D        | Reached XP level 11. HP: 133/133 MP: 10/10
     8 | D        | Reached XP level 12. HP: 141/141 MP: 11/11
     8 | D        | Reached XP level 13. HP: 148/148 MP: 12/12
     9 | D        | Noticed a bag of meat
     9 | D        | Noticed a bag of meat
     9 | D        | Noticed a bag of meat
    10 | D        | Noticed a bag of meat
    10 | D        | Killed a meat berserker
    10 | D        | Reached ** piety under Trog
    10 | D        | Reached skill level 15 in Armour
    10 | D        | Reached XP level 14. HP: 166/166 MP: 13/13
    11 | D        | Noticed a meat berserker
    11 | D        | Killed a meat berserker
    11 | D        | Reached skill level 27 in Fighting
    11 | D        | Reached skill level 27 in Axes
    11 | D        | Reached XP level 15. HP: 174/174 MP: 14/14
    12 | D        | Killed a meat berserker
    13 | D        | Noticed a meat berserker
    14 | D        | Noticed a meat berserker
    14 | D        | Reached *** piety under Trog
    14 | D        | Reached XP level 16. HP: 183/183 MP: 15/15
    14 | D        | Reached skill level 27 in Armour
    14 | D        | Reached skill level 27 in Dodging
    14 | D        | Reached **** piety under Trog
    14 | D        | Reached skill level 5 in Spellcasting
    15 | D        | Noticed a meat berserker
    16 | D        | Noticed a meat berserker
    16 | D        | Reached skill level 10 in Throwing
    16 | D        | Reached XP level 17. HP: 191/191 MP: 15/27
    16 | D        | Reached skill level 15 in Unarmed Combat
    16 | D        | Reached skill level 10 in Spellcasting
    17 | D        | Reached skill level 15 in Throwing
    18 | D        | Reached skill level 15 in Stealth
    18 | D        | Reached XP level 18. HP: 200/200 MP: 15/33
    19 | D        | Noticed a meat berserker
    19 | D        | Reached * piety under Trog
    19 | D        | Reached skill level 15 in Spellcasting
    20 | D        | Reached XP level 19. HP: 207/207 MP: 15/37
    21 | D        | Fell from the grace of Trog
    23 | D        | Noticed a meat berserker
    23 | D        | Noticed a large bag of meat
    23 | D        | Noticed a destroyer
    24 | D        | Noticed a meat berserker
    24 | D        | Killed a meat berserker
    24 | D        | Killed a meat berserker
    24 | D        | Reached skill level 27 in Unarmed Combat
    24 | D        | Reached XP level 20. HP: 201/216 MP: 16/43
    24 | D        | Reached skill level 27 in Throwing
    25 | D        | Killed a meat berserker
    25 | D        | Reached skill level 27 in Stealth
    25 | D        | Killed a meat berserker
    25 | D        | Reached XP level 21. HP: 139/224 MP: 16/49
    25 | D        | Reached skill level 27 in Spellcasting
    26 | D        | Reached XP level 22. HP: 126/233 MP: 16/52
    27 | D        | Reached XP level 23. HP: 131/240 MP: 16/53
    29 | D        | Noticed a destroyer
    29 | D        | Noticed a destroyer
    30 | D        | Reached XP level 24. HP: 103/249 MP: 18/53
    30 | D        | HP: 10/249 [large bag of meat/exploding inner flame (51)]
    30 | D        | Engulfed by a cloud of flame

Skill      XL: |  1  2  3  4  5  6  7  8  9 10 11 12 13 14 15 16 17 18 19 20 21 |
---------------+----------------------------------------------------------------+-----
Fighting       | 23 26 27 | 27.0
Axes           | 23 26 27 | 27.0
Armour         | 13 15 21 26 27 | 27.0
Dodging        | 12 14 20 25 27 | 27.0
Throwing       | 10 17 21 26 27 | 27.0
Stealth        | 9 15 19 24 27 | 27.0
Unarmed Combat | 11 18 22 27 | 27.0
Spellcasting   | 7 12 15 20 25 27 | 27.0

Action                   |  1- 3 |  4- 6 |  7- 9 | 10-12 | 13-15 | 16-18 | 19-21 | 22-24 || total
-------------------------+-------+-------+-------+-------+-------+-------+-------+-------++-------
Melee: Executioner's axe |     1 |       |       |       |     4 |     5 |     5 |     3 ||    18
Invok: Berserk           |     1 |       |       |       |       |       |       |       ||     1
